 Dungeon Crawl Stone Soup version 0.29-a0-268-g5627465c62 (webtiles) character file.

Game seed: 14891362288371698622

4 Morbidden the Grasshopper (level 1, 0/16 HPs)
             Began as a Demonspawn Warper on Mar 7, 2022.
             Slain by a frilled lizard (1 damage)
             ... on level 1 of the Dungeon.
             The game lasted 00:00:14 (126 turns).

Morbidden the Grasshopper (Demonspawn Warper)        Turns: 126, Time: 00:00:16

Health: 0/16       AC:  4    Str: 11    XL:     1   Next: 50%
Magic:  3/3        EV: 11    Int: 14    God:
Gold:   37         SH:  0    Dex: 12    Spells: 4/4 levels left

rFire   . . .      SeeInvis .   a - +0 short sword
rCold   . . .      Faith    .   (no shield)
rNeg    . . .      Spirit   .   b - +0 leather armour
rPois   .          Reflect  .   (no helmet)
rElec   .          Harm     .   (no cloak)
rCorr   .          Rampage  .   e - +0 pair of gloves
Will    .....                   (no boots)
Stlth   +.........              (no amulet)
HPRegen 0.05/turn               (no ring)
MPRegen 0.08/turn               (no ring)

@: no status effects
A: no striking features
a: no special abilities


You were on level 1 of the Dungeon.
You visited 1 branch of the dungeon, and saw 1 of its levels.

You collected 37 gold pieces.

Inventory:

Hand Weapons
 a - a +0 short sword (weapon)
Missiles
 d - 7 boomerangs of dispersal (quivered)
Armour
 b - a +0 leather armour (worn)
 e - a +0 pair of gloves (worn)
Scrolls
 c - a scroll of blinking


   Skills:
 * Level 2.1 Fighting
 + Level 1.7 Short Blades
 + Level 0.8 Throwing
 + Level 0.8 Armour
 + Level 1.7 Dodging
 * Level 2.1 Spellcasting
 * Level 2.8 Translocations


You had 4 spell levels left.
You didn't know any spells.
Your spell library contained the following spells:

 Spells                   Type           Power      Damage    Failure   Level
 Blink                    Tloc           18%        N/A       16%         2
 Sting                    Tmut/Pois      4%         1d3       30%         1
 Gell's Gravitas          Tloc           9%         N/A       30%         3
 Lesser Beckoning         Tloc           9%         N/A       30%         3
 Teleport Other           Tloc           9%         N/A       30%         3
 Poisonous Vapours        Pois/Air       2%         N/A       43%         2
 Olgreb's Toxic Radiance  Pois           1%         N/A       97%         4
 Manifold Assault         Tloc           9%         N/A       95%         5


Dungeon Overview and Level Annotations

Branches:
Dungeon (1/15)

Altars:


Message History

The ball python constricts you. The goblin hits you with a +0 club.
The frilled lizard hisses angrily.
You hit the ball python.
You kill the ball python!
The giant cockroach barely misses you. The giant cockroach bites you.
The goblin closely misses you.
The frilled lizard bites you but does no damage.
You hit the goblin but do no damage.
The goblin is heavily wounded.
The giant cockroach closely misses you. The goblin barely misses you.
The frilled lizard barely misses you.
You closely miss the goblin.
The goblin is heavily wounded.
The giant cockroach closely misses you. The goblin hits you with a +0 club.
The frilled lizard barely misses you.
You hit the goblin.
The goblin is severely wounded.
The giant cockroach barely misses you. The goblin hits you with a +0 club.
The frilled lizard bites you.
The frilled lizard bites you but does no damage.
You are too injured to fight recklessly!
You are too injured to fight recklessly!
You are too injured to fight recklessly!
You are too injured to fight recklessly!
Unknown command.
Unknown command.
Unknown command.
The frilled lizard attacks as you move away!
The frilled lizard bites you.
The frilled lizard attacks as you move away!
The frilled lizard bites you.
* * * LOW HITPOINT WARNING * * *
The giant cockroach bites you but does no damage.
The goblin attacks as you move away! The goblin hits you with a +0 club.
* * * LOW HITPOINT WARNING * * *
The frilled lizard attacks as you move away!
The frilled lizard barely misses you.
The frilled lizard attacks as you move away!
The frilled lizard bites you.
You die...

........##...#
.............# #......#
.....###.....###......#..
.....###...........!.....
........)...........#....
)..........##............
#####......##......#.....
.................l.l....
................@ll.#.###
................Bg.......
≈≈≈≈≈≈≈≈≈≈≈≈≈≈≈≈≈≈.......
≈≈≈≈≈≈≈≈≈≈≈≈≈≈≈≈≈≈.......
≈≈≈≈≈≈≈≈≈≈≈≈≈≈≈≈≈≈.......
#+#≈≈≈≈≈≈≈#+#+#≈≈≈.....##
##+###+## +≈≈≈.....# +...
+≈≈≈.....# ###.#####
#≈≈≈......


You could see a giant cockroach, a goblin and 4 frilled lizards.

Vanquished Creatures
  A ball python (D:1)
  A hobgoblin (D:1)
  A kobold (D:1)
3 creatures vanquished.

Notes
Turn   | Place    | Note
-------+----------+-------------------------------------------
     0 | D:1      | Morbidden the Demonspawn Warper began the quest for the
                  | Orb.
     0 | D:1      | Reached XP level 1. HP: 16/16 MP: 3/3
   126 | D:1      | Slain by a frilled lizard

Illustrated notes

Levels and vault maps discovered:
D:1:      dpeg_arrival_castle, layout_basic,
          shapermc_ecumenical_altar_mp_vishouse, minmay_lizard_pond

Action                   || total
-------------------------++-------
Melee: Short sword       ||    18
Armor: Leather armour    ||     8
Dodge: Dodged            ||    18

Table legend: (Time is in decaauts)
 A = Elapsed time spent in this place.
 B = Non-inter-level travel time spent in this place.
 C = Inter-level travel time spent in this place.
 D = Time resting spent in this place.
 E = Time spent auto-exploring this place.
 F = Levels seen in this place.
 G = Mean time per level.
                   A        B        C        D        E       F      G
               +--------+--------+--------+--------+--------+-----+--------+
         Total |    128 |    128 |      0 |      0 |     82 |   1 |  128.0 |
       Dungeon |    128 |    128 |      0 |      0 |     82 |   1 |  128.0 |
               +--------+--------+--------+--------+--------+-----+--------+

Top non-repeatable levels by time:
     D:1: 128 daAuts
